 Dungeon Crawl Stone Soup version 0.29-a0-298-g3c90f9a769 (webtiles) character file.

Game seed: 5437434438182755277

84 Dabor the Stinger (level 4, -16/24 HPs)
             Began as a Deep Elf Venom Mage on Mar 23, 2022.
             Demolished by an ogre
             ... wielding a +0 giant spiked club
              (23 damage)
             ... on level 2 of the Dungeon.
             The game lasted 00:03:48 (3246 turns).

Dabor the Stinger (Deep Elf Venom Mage)             Turns: 3246, Time: 00:03:48

Health: -16/24     AC:  3    Str:  5    XL:     4   Next: 23%
Magic:  11/11      EV: 13    Int: 22    God:
Gold:   165        SH:  0    Dex: 15    Spells: 3/10 levels left

rFire   . . .      SeeInvis .   f - staff of conjuration
rCold   . . .      Faith    .   (no shield)
rNeg    . . .      Spirit   .   a - +1 robe
rPois   .          Reflect  .   (no helmet)
rElec   .          Harm     .   (no cloak)
rCorr   .          Rampage  .   (no gloves)
Will    .....                   (no boots)
Stlth   ++........              (no amulet)
HPRegen 0.08/turn               m - ring of flight
MPRegen 0.12/turn               (no ring)

@: about to teleport, flying
A: no striking features
a: no special abilities


You were on level 2 of the Dungeon.
You visited 1 branch of the dungeon, and saw 3 of its levels.

You collected 165 gold pieces.

Inventory:

Armour
 a - a +1 robe (worn)
Magical Staves
 f - a staff of conjuration (weapon)
Jewellery
 e - a +6 ring of intelligence
 g - a ring of fire
 m - a ring of flight (left hand)
Scrolls
 c - 2 scrolls of identify
 k - 4 scrolls of teleportation
Potions
 b - 2 potions of magic


   Skills:
 + Level 3.2 Dodging
 + Level 3.4 Stealth
 + Level 3.8 Spellcasting
 + Level 2.2 Transmutations
 * Level 3.8 Poison Magic


You had 3 spell levels left.
You knew the following spells:

 Your Spells              Type           Power      Damage    Failure   Level
a - Sting                 Tmut/Pois      68%        1d6       3%          1
b - Poisonous Vapours     Pois/Air       24%        N/A       8%          2
c - Olgreb's Toxic Radia  Pois           21%        N/A       22%         4

Your spell library contained the following spells:

 Spells                   Type           Power      Damage    Failure   Level
 Mephitic Cloud           Conj/Pois/Air  14%        N/A       21%         3
 Gell's Gravitas          Tloc           4%         N/A       34%         3
 Lesser Beckoning         Tloc           4%         N/A       34%         3
 Teleport Other           Tloc           4%         N/A       34%         3


Dungeon Overview and Level Annotations

Branches:
Dungeon (3/15)

Altars:


Message History

Casting: Poisonous Vapours (safe; 8% risk of failure)
Confirm with . or Enter, or press ? or * to list all spells.
Aiming: Sting (safe; 3% risk of failure)
Press: ? - help, Shift-Dir - straight line, f/p - ogre
Aim: an ogre, wielding a +0 giant spiked club (moderately wounded, extremely poisoned, 88% to hit)
The sting hits the ogre.
The ogre looks as sick as possible!
The ogre is heavily wounded.
The ogre looks as sick as possible!
You kill the adder!
Your toxic aura wanes.
A ball python comes into view.
You fly upwards.
There is a stone staircase leading down here.
You start resting.
Magic restored.
You start waiting.
Done waiting.
You start waiting.
Done waiting.
You fly downwards.
The endoplasm hits you but does no damage.
The ogre barely misses you.
There is a stone staircase leading up here.
The endoplasm closely misses you.
The ogre hits you with a +0 giant spiked club!
Ouch! That really hurt!
You fly upwards.
There is a stone staircase leading down here.
It was a potion of flight.
You feel more buoyant. The endoplasm freezes you.
You are frozen.
As you read the scroll of teleportation, it crumbles to dust.
You feel strangely unstable. The endoplasm freezes you.
You are frozen.
* * * LOW HITPOINT WARNING * * *
The ogre hits you with a +0 giant spiked club!!
Ouch! That really hurt!
You die...

..########.###.#
### #.# #.#
##.###.####
#.........#
#.#......>#
#.#.......#
#.#.......#
###.#....O..#
##.........@.#
#.)#.#....J..#
######.#..#.......#
.........##########
#######.## #.# #.#
##.##### ###......#


You could see an ogre and an endoplasm.

Vanquished Creatures
  2 adders
  A dart slug (D:1)
  2 bats
  6 endoplasms
  3 giant cockroaches
  A goblin (D:1)
  7 hobgoblins
  8 jackals (D:2)
  5 kobolds
  3 quokkas (D:1)
  7 ball pythons
  5 frilled lizards
  5 rats
55 creatures vanquished.

Vanquished Creatures (others)
  3 plants (D:1)
3 creatures vanquished.

Grand Total: 58 creatures vanquished

Notes
Turn   | Place    | Note
-------+----------+-------------------------------------------
     0 | D:1      | Dabor the Deep Elf Venom Mage began the quest for the Orb.
     0 | D:1      | Reached XP level 1. HP: 10/10 MP: 6/6
   497 | D:1      | Reached XP level 2. HP: 15/15 MP: 4/8
   500 | D:1      | Learned a level 2 spell: Poisonous Vapours
  1431 | D:2      | Reached XP level 3. HP: 19/19 MP: 7/9
  2617 | D:2      | Reached XP level 4. HP: 22/24 MP: 7/11
  2913 | D:2      | Learned a level 4 spell: Olgreb's Toxic Radiance
  2949 | D:3      | Noticed an ogre
  3246 | D:2      | Demolished by an ogre

Illustrated notes

Levels and vault maps discovered:
D:1:      dpeg_arrival_round_a, layout_basic, chequers_serial_rivers_micro_e,
          moated_statue, moated_statue, serial_bayou_pond_c,
          kennysheep_another_room, minmay_misc_feat_nine_boxes,
          minmay_crystal_water, minmay_pentomino_v4
D:2:      layout_rooms
D:3:      layout_basic, cheibriados_altar_1, hellmonk_ecumenical_altar_blasted

Skill      XL: |  1  2  3 |
---------------+----------+-----
Stealth        | 3 |  3.4
Dodging        | 3 |  3.2
Transmutations | 2 |  2.2
Spellcasting   | |  3.8
Poison Magic   | |  3.8

Action                   |  1- 3 |  4- 6 || total
-------------------------+-------+-------++-------
Melee: Unarmed           |    20 |     1 ||    21
       Punch             |     1 |       ||     1
 Cast: Sting             |   105 |    13 ||   118
       Olgreb's Toxic Ra |       |     2 ||     2
       Poisonous Vapours |       |     1 ||     1
  Use: Scroll            |     5 |     1 ||     6
       Potion            |     3 |     1 ||     4
Armor: Robe              |    16 |     2 ||    18
Dodge: Dodged            |    54 |     5 ||    59

Table legend: (Time is in decaauts)
 A = Elapsed time spent in this place.
 B = Non-inter-level travel time spent in this place.
 C = Inter-level travel time spent in this place.
 D = Time resting spent in this place.
 E = Time spent auto-exploring this place.
 F = Levels seen in this place.
 G = Mean time per level.
                   A        B        C        D        E       F      G
               +--------+--------+--------+--------+--------+-----+--------+
         Total |   3251 |   3172 |     79 |    459 |   2330 |   3 | 1083.7 |
       Dungeon |   3251 |   3172 |     79 |    459 |   2330 |   3 | 1083.7 |
               +--------+--------+--------+--------+--------+-----+--------+

Top non-repeatable levels by time:
     D:2: 1633 daAuts
     D:1: 1609 daAuts
     D:3: 8 daAuts
